Map: 2000 Atmospheres LE

Players

Raza

  • Race: Terran Terran

Seither - Winner!

  • Race: Terran Terran

Event: DreamHack SC2 Masters 2021 Winter

VOD

Have the link to the VOD?

Description

Time

  • Played on: Oct. 3, 2021, 4:56 a.m.
  • Length: 12:58

All games in this series

Show
View Real Time Build Order
Export as new Build Order

Raza Terran 

Build Orders: Cyclone Opening 

Get SALT Encoding   

  12  0:00  SCV  
  13  0:12  SCV  
  14  0:18  Supply Depot  
  14  0:25  SCV  
  15  0:40  SCV  
  15  0:41  Barracks  
  16  0:44  Refinery  
  16  0:52  SCV  
  16  0:54  Refinery  
  17  1:04  SCV  
  18  1:16  SCV  
  19  1:28  Reaper, Orbital Command  
  19  1:31  Supply Depot  
  20  1:46  Factory  
  20  1:55  SCV  
  20  2:00  Reaper  
  22  2:07  SCV  
  23  2:19  SCV  
  24  2:28  Command Center  
  24  2:36  SCV  
  27  2:37  Barracks Reactor, Factory Tech Lab  
  27  2:44  Supply Depot  
  25  2:48  SCV  
  26  2:57  Cyclone  
  29  3:00  SCV  
  30  3:12  SCV  
  29  3:14  Marine x2  
  29  3:17  Starport  
  31  3:24  SCV  
  32  3:31  Refinery, Cyclone  
  32  3:33  Marine  
  36  3:35  Marine  
  36  3:36  SCV  
  38  3:43  Orbital Command  
  38  3:48  SCV  
  38  3:52  Marine  
  38  3:53  Marine  
  41  4:00  Supply Depot, SCV  
  42  4:08  Raven  
  44  4:11  SCV  
  44  4:12  SCV, Factory Tech Lab  
  44  4:13  Marine  
  44  4:14  Marine  
  48  4:23  SCV  
  48  4:24  Supply Depot  
  49  4:26  SCV  
  50  4:31  Siege Tank  
  50  4:32  Marine x2  
  50  4:35  SCV  
  56  4:42  Supply Depot  
  56  4:48  SCV  
  56  4:49  SCV  
  56  4:50  Marine x2  
  56  4:51  Raven  
  62  5:00  SCV  
  62  5:01  SCV  
  62  5:02  Supply Depot  
  62  5:04  Siege Tank  
  67  5:08  Marine x2  
  67  5:13  SCV  
  70  5:14  SCV  
  70  5:25  SCV  
  70  5:26  Command Center  
  68  5:36  Siege Tank  
  68  5:40  SCV x2  
  71  5:45  Barracks  
  71  5:46  Barracks  
  71  5:48  Viking  
  71  5:49  Viking  
  75  5:52  SCV  
  75  5:53  SCV  
  75  5:55  Supply Depot, Marine  
  78  6:03  Stimpack  
  78  6:05  SCV x2  
  78  6:09  Supply Depot  
  80  6:12  Siege Tank  
  80  6:17  SCV  
  84  6:21  Engineering Bay  
  84  6:22  Engineering Bay  
  84  6:23  SCV  
  85  6:29  SCV  
  85  6:36  Viking  
  85  6:39  Barracks Reactor  
  88  6:41  Viking  
  88  6:42  Barracks Reactor  
  88  6:43  SCV  
  90  6:48  Siege Tank  
  90  6:49  SCV  
  94  6:58  Orbital Command  
  94  7:02  SCV, Refinery  
  95  7:09  Terran Infantry Weapons Level 1  
  95  7:10  SCV, Marine, Terran Infantry Armor Level 1  
  97  7:17  SCV  
  99  7:22  SCV  
  99  7:25  Barracks  
  99  7:26  Viking  
  99  7:27  Barracks  
  99  7:29  Marine x2  
  103  7:31  Marine  
  103  7:32  Marine  
  91  7:39  Siege Tank  
  91  7:43  Viking  
  77  7:49  Marine x2  
  74  7:55  SCV x3  
  77  7:59  Marine  
  77  8:01  Combat Shield  
  75  8:07  SCV  
  72  8:14  Siege Tank  
  73  8:20  SCV x3  
  73  8:23  Barracks Reactor  
  73  8:24  Refinery  
  73  8:27  Barracks Reactor  
  75  8:32  SCV x3  
  78  8:37  Marine x4  
  82  8:44  SCV x3, Armory  
  82  8:46  Marine  
  82  8:47  Refinery  
  86  8:54  Marine  
  86  8:55  Marine  
  88  8:56  SCV x3, Siege Tank  
  88  8:57  Marine x2  
  88  9:00  Marine  
  88  9:01  Supply Depot  
  97  9:03  Marine  
  97  9:04  Marine  
  97  9:08  SCV x3, Marine  
  104  9:12  Marine  
  104  9:14  Medivac x2  
  104  9:15  Marine x2  
  104  9:16  Supply Depot  
  110  9:18  Marine  
  110  9:20  SCV x3  
  110  9:23  Supply Depot  
  114  9:29  Siege Tank  
  117  9:32  SCV x2, Marine x3  
  117  9:33  SCV, Marine  
  117  9:34  Marine  
  117  9:37  Command Center  
  117  9:38  Marine x2  
  127  9:41  Supply Depot  
  127  9:44  SCV  
  128  9:50  Terran Infantry Weapons Level 2, Supply Depot, Terran Infantry Armor Level 2  
  128  9:53  Marine  
  128  9:54  Marine  
  128  9:55  Marine  
  131  10:02  Medivac, Sensor Tower  
  133  10:10  Siege Tank  
  133  10:11  Missile Turret  
  136  10:15  Marine x3  
  136  10:16  Marine  
  136  10:18  SCV  
  141  10:22  Terran Vehicle Weapons Level 1  
  141  10:26  Factory, Marine x5  
  146  10:33  Marine  
  147  10:35  Missile Turret  
  147  10:37  Marine x3  
  150  10:44  Marine x3  
  150  10:48  Siege Tank  
  155  10:51  Marine x3  
  155  10:55  Missile Turret, SCV  
  156  10:57  Marine x2  
  156  10:58  Marine  
  156  11:01  Missile Turret  
  156  11:02  Marine x2  
  156  11:04  Missile Turret x2  
  161  11:06  SCV x2  
  161  11:07  SCV  
  164  11:12  Planetary Fortress  
  164  11:15  Marine  
  164  11:16  Marine  
  164  11:17  Marine  
  164  11:18  SCV  
  167  11:20  Siege Tank, Marine  
  167  11:22  Marine x3  
  172  11:35  Marine  
  172  11:40  Marine  
  166  11:48  Factory Tech Lab  
  166  11:49  Supply Depot  
  166  11:50  Supply Depot x2  
  163  12:10  Marine x2  
  163  12:11  Marine x3  
  163  12:12  Marine  
  162  12:20  Marine  
  162  12:21  Marine  
  133  12:22  Marine  
Show
View Real Time Build Order
Export as new Build Order

Seither Terran - Winner!

Build Orders: Banshee Rush 

Get SALT Encoding   

  12  0:00  SCV  
  13  0:12  SCV  
  14  0:17  Supply Depot  
  14  0:24  SCV  
  15  0:39  SCV  
  15  0:40  Barracks  
  16  0:44  Refinery  
  16  0:51  SCV  
  16  0:55  Refinery  
  17  1:03  SCV  
  18  1:15  SCV  
  19  1:27  Reaper  
  19  1:29  Orbital Command  
  19  1:31  Supply Depot  
  20  1:43  Factory  
  20  1:56  SCV  
  20  2:00  Barracks Reactor  
  22  2:08  SCV  
  22  2:19  Command Center  
  22  2:26  SCV  
  22  2:29  Hellion  
  25  2:38  SCV, Reaper x2  
  25  2:43  Supply Depot  
  28  2:50  SCV  
  29  2:54  Factory Tech Lab  
  29  2:59  Starport  
  29  3:02  SCV  
  27  3:14  SCV  
  28  3:24  Marine x2  
  28  3:26  SCV  
  31  3:33  Orbital Command  
  31  3:37  Refinery  
  31  3:39  SCV  
  31  3:40  Factory Tech Lab  
  32  3:47  Banshee  
  32  3:48  Cloaking Field  
  35  3:52  SCV  
  36  3:57  Marine  
  36  3:58  Marine  
  36  4:02  SCV  
  39  4:04  SCV  
  39  4:09  Siege Tank  
  43  4:16  SCV  
  43  4:17  SCV  
  45  4:20  Supply Depot  
  45  4:21  Marine  
  45  4:22  Marine  
  47  4:28  SCV  
  47  4:29  SCV  
  49  4:32  Banshee  
  52  4:39  Supply Depot  
  52  4:41  SCV x2  
  54  4:50  Siege Tank  
  57  4:53  SCV x2  
  57  4:57  Marine x2  
  59  5:05  SCV x2  
  61  5:13  Command Center  
  61  5:17  SCV x2  
  63  5:25  Siege Tank  
  66  5:29  SCV x2  
  68  5:37  Viking  
  70  5:43  Supply Depot  
  70  5:52  Supply Depot  
  70  5:53  Refinery  
  70  5:59  Stimpack  
  70  6:04  Marine  
  70  6:05  SCV x2, Siege Tank, Viking  
  70  6:06  Supply Depot  
  78  6:13  Viking  
  78  6:17  SCV x2  
  82  6:25  Marine  
  83  6:26  Orbital Command  
  83  6:29  SCV x2  
  83  6:30  Barracks  
  83  6:31  Barracks  
  82  6:37  Siege Tank  
  84  6:41  SCV x2  
  84  6:42  Viking  
  84  6:43  Viking  
  90  6:50  Orbital Command  
  90  6:53  SCV x2  
  92  6:54  Engineering Bay x2  
  89  7:05  SCV x2, Marine  
  92  7:09  Siege Tank  
  92  7:10  Supply Depot  
  95  7:17  SCV x2  
  95  7:22  Viking x2  
  100  7:23  SCV  
  100  7:26  Barracks Reactor x2  
  100  7:27  Supply Depot  
  100  7:29  SCV x2  
  103  7:32  Refinery  
  103  7:33  Refinery  
  103  7:34  Sensor Tower  
  103  7:35  SCV  
  102  7:41  Siege Tank  
  85  7:44  Marine  
  75  7:51  SCV x2  
  75  7:59  SCV  
  75  8:01  Terran Infantry Weapons Level 1  
  75  8:02  Marine, Terran Infantry Armor Level 1  
  75  8:03  SCV, Barracks  
  75  8:04  Barracks  
  78  8:12  SCV x2  
  74  8:13  Siege Tank  
  74  8:16  SCV  
  74  8:18  Sensor Tower  
  74  8:19  Combat Shield, Marine x4  
  76  8:20  Marine  
  76  8:21  Medivac  
  76  8:23  Medivac  
  76  8:24  SCV  
  76  8:25  SCV  
  83  8:28  SCV  
  83  8:30  Supply Depot  
  84  8:36  SCV  
  84  8:37  SCV, Marine  
  84  8:38  Marine x4  
  84  8:40  SCV  
  92  8:43  Barracks  
  92  8:44  Barracks  
  92  8:45  Siege Tank, Barracks  
  95  8:51  Barracks Reactor  
  95  8:52  Barracks Reactor  
  95  8:55  Marine x2  
  95  8:56  Armory  
  95  8:57  Marine x3  
  95  9:00  Supply Depot  
  95  9:02  SCV x3  
  103  9:04  Medivac x2  
  103  9:05  Supply Depot  
  107  9:13  Marine x2  
  107  9:15  Marine x3  
  112  9:22  Supply Depot  
  111  9:27  Marine x3  
  111  9:31  Marine x2  
  113  9:33  Siege Tank  
  113  9:34  Marine x5  
  121  9:47  Command Center, Marine  
  121  9:48  Marine x4  
  121  9:49  Medivac x2, Marine  
  127  9:52  Supply Depot  
  127  9:53  SCV x3  
  127  9:54  Supply Depot  
  127  9:55  Marine x2  
  127  9:56  Terran Infantry Weapons Level 2, Terran Infantry Armor Level 2, Marine x3  
  134  10:04  Marine  
  134  10:05  Marine x2  
  134  10:06  Marine x2  
  139  10:13  Marine x4  
  139  10:14  Siege Tank, Marine  
  146  10:21  Factory  
  146  10:34  Supply Depot, Marine x4  
  146  10:35  Supply Depot, Marine x5  
  155  10:36  Medivac x2  
  158  10:46  Siege Tank  
  159  10:52  Marine x5  
  163  10:57  Marine x4  
  163  10:58  Marine x3  
  163  11:02  Planetary Fortress  
  170  11:06  Medivac x2  
  170  11:09  Marine  
  173  11:11  Factory Tech Lab  
  173  11:12  Marine x4  
  173  11:15  Marine x2  
  179  11:19  Siege Tank  
  179  11:29  Marine x5  
  179  11:30  Siege Tank  
  187  11:36  Medivac x2  
  184  11:44  Marine x6  
  187  11:51  Siege Tank  
  190  11:56  Marine x3  
  192  12:02  Siege Tank  
  190  12:10  Liberator x2  
  190  12:12  Marine x3  
  191  12:16  Marine x3  
  191  12:20  Marine x2  
  176  12:23  Siege Tank  
  176  12:29  Marine  
  155  12:30  Marine x2  
  155  12:34  Marine x3  
  137  12:38  Marine x2  

Tags
 
Add a new tag
Caveats
  • Supply blocks, unpowered buildings, or Contaminate may cause inaccurate times.
  • Supply counts are checked every 10 seconds.